| TOP OF THE 1ST |
|
Wisconsin Timber Rattlers batting - Pitching for Lakewood BlueClaws : RHP Jamie Gordam
|
|
Pitching: RHP Jamie Gordam
|
|
|
Batting: RHB Chris Maul
|
0-0: Ground out 6-3 (Groundball, 6, EV 81.9 MPH)
|
|
Batting: RHB Ryan Miller
|
0-0: Foul Ball, location: 2F 0-1: Called Strike 0-2: Ball 1-2: Ground out 4-3 (Groundball, 4, EV 98.1 MPH)
|
|
Batting: SHB Justin Hensley
|
0-0: Fly out, F9 (Flyball, 9D, EV 101.9 MPH)
|
| Top of the 1st over - 0 runs, 0 hits, 0 errors, 0 left on base; Wisconsin 0 - Lakewood 0 |
| BOTTOM OF THE 1ST |
|
Lakewood BlueClaws batting - Pitching for Wisconsin Timber Rattlers : LHP Taek-hyun Kim
|
|
Pitching: LHP Taek-hyun Kim
|
|
|
Batting: LHB Matt Urbanek
|
0-0: Ball 1-0: Swinging Strike 1-1: Ground out 4-3 (Groundball, 4M, EV 102.5 MPH)
|
|
Batting: RHB Vaclav Been
|
0-0: Ball 1-0: Called Strike 1-1: Swinging Strike 1-2: Fly out, F9 (Flyball, 89S, EV 76.9 MPH)
|
|
Batting: RHB Mike Bell
|
0-0: Foul Ball, location: 2F 0-1: Called Strike 0-2: Strikes out looking
|
| Bottom of the 1st over - 0 runs, 0 hits, 0 errors, 0 left on base; Wisconsin 0 - Lakewood 0 |
| TOP OF THE 2ND |
|
Wisconsin Timber Rattlers batting - Pitching for Lakewood BlueClaws : RHP Jamie Gordam
|
|
Batting: LHB Karel Hort
|
0-0: Called Strike 0-1: Ground out 5-3 (Groundball, 6, EV 79.4 MPH)
|
|
Batting: RHB Alfredo Sena
|
0-0: Ball 1-0: Called Strike 1-1: Swinging Strike 1-2: Ground out 6-3 (Groundball, 6, EV 97.5 MPH)
|
|
Batting: LHB Mark Backstrom
|
0-0: Ball 1-0: Ball 2-0: Foul Ball, location: 2F 2-1: Foul Ball, location: 2F 2-2: Foul Ball, location: 2F 2-2: Foul Ball, location: 2F 2-2: Strikes out swinging
|
| Top of the 2nd over - 0 runs, 0 hits, 0 errors, 0 left on base; Wisconsin 0 - Lakewood 0 |
| BOTTOM OF THE 2ND |
|
Lakewood BlueClaws batting - Pitching for Wisconsin Timber Rattlers : LHP Taek-hyun Kim
|
|
Batting: RHB Victor Arias
|
0-0: Called Strike 0-1: Ball 1-1: Ball 2-1: Ball 3-1: Fly out, F7 (Flyball, 7, EV 89.4 MPH)
|
|
Batting: SHB Steve DeRienzo
|
0-0: Ground out 6-3 (Groundball, 6, EV 106.9 MPH)
|
|
Batting: RHB Trent Hedrick
|
0-0: Ball 1-0: Ground out 5-3 (Groundball, 56S, EV 85.6 MPH)
|
| Bottom of the 2nd over - 0 runs, 0 hits, 0 errors, 0 left on base; Wisconsin 0 - Lakewood 0 |
| TOP OF THE 3RD |
|
Wisconsin Timber Rattlers batting - Pitching for Lakewood BlueClaws : RHP Jamie Gordam
|
|
Batting: SHB Robert Sayer
|
0-0: Ball 1-0: Foul Ball, location: 2F 1-1: Ball 2-1: Fly out, F7 (Flyball, 7, EV 95.0 MPH)
|
|
Batting: RHB Dan Allred
|
0-0: Ball 1-0: Reached via error on a dropped throw from 1B, E1 (Groundball, 34, EV 86.2 MPH)
|
|
Batting: RHB Michael Dickerson
|
0-0: Called Strike 0-1: Grounds into double play, 4-6-3 (Groundball, 34D, EV 79.4 MPH)
|
| Top of the 3rd over - 0 runs, 0 hits, 1 error, 0 left on base; Wisconsin 0 - Lakewood 0 |
| BOTTOM OF THE 3RD |
|
Lakewood BlueClaws batting - Pitching for Wisconsin Timber Rattlers : LHP Taek-hyun Kim
|
|
Batting: LHB Eric Farren
|
0-0: Swinging Strike 0-1: Called Strike 0-2: Strikes out swinging
|
|
Batting: RHB Bryan Alfaro
|
0-0: Ball 1-0: Swinging Strike 1-1: Ball 2-1: Foul Ball, location: 2F 2-2: Strikes out swinging
|
|
Batting: RHB Cory Bonham
|
0-0: Ball 1-0: Ball 2-0: Called Strike 2-1: Swinging Strike 2-2: Reached on error, E5 (Groundball, 5S, EV 85.0 MPH)
|
|
Batting: LHB Matt Urbanek
|
0-0: Called Strike 0-1: Foul Ball, location: 2F 0-2: Ground out 4-3 (Groundball, 4, EV 103.8 MPH)
|
| Bottom of the 3rd over - 0 runs, 0 hits, 1 error, 1 left on base; Wisconsin 0 - Lakewood 0 |
| TOP OF THE 4TH |
|
Wisconsin Timber Rattlers batting - Pitching for Lakewood BlueClaws : RHP Jamie Gordam
|
|
Batting: RHB Chris Maul
|
0-0: Called Strike 0-1: Called Strike 0-2: SINGLE (Flyball, 56D, EV 96.9 MPH)
|
|
Batting: RHB Ryan Miller
|
0-0: Ball 1-0: Ball Chris Maul steals 2nd base (no throw) 2-0: Swinging Strike 2-1: Foul Ball, location: 2F 2-2: Ball 3-2: Strikes out looking
|
|
Batting: SHB Justin Hensley
|
0-0: Called Strike 0-1: Ball 1-1: SINGLE (Groundball, 4MD, EV 79.4 MPH) (infield hit) Chris Maul to third
|
|
Batting: LHB Karel Hort
|
0-0: Foul Ball, location: 2F 0-1: Ball 1-1: Called Strike 1-2: Foul Ball, location: 2F 1-2: Foul Ball, location: 2F 1-2: Ball Justin Hensley steals 2nd base 2-2: Ball 3-2: 3-RUN HOME RUN (Line Drive, 9D, EV 106.2 MPH), Distance : 394 ft
|
|
Batting: RHB Alfredo Sena
|
0-0: Ball 1-0: Ball 2-0: TRIPLE (Flyball, 89XD, EV 95.6 MPH)
|
|
Batting: LHB Mark Backstrom
|
0-0: Ball 1-0: Ball 2-0: Called Strike 2-1: Foul Ball, location: 2F 2-2: Foul Ball, location: 2F 2-2: DOUBLE (Flyball, 8LXD, EV 111.9 MPH) Alfredo Sena scores
|
|
Batting: SHB Robert Sayer
|
0-0: SINGLE (Groundball, 4MD, EV 105.6 MPH) Mark Backstrom to third
|
|
Batting: RHB Dan Allred
|
0-0: Fielders Choice at 2nd, 5-4 (Groundball, 56, EV 101.2 MPH) Mark Backstrom scores
|
|
Pitching: RHP Francisco Tejada
|
|
|
Batting: RHB Michael Dickerson
|
0-0: Foul Ball, location: 2F 0-1: Ball 1-1: Ball 2-1: Ball 3-1: SINGLE (Groundball, 56, EV 96.2 MPH) Dan Allred to second
|
|
Batting: RHB Chris Maul
|
0-0: Called Strike 0-1: Foul Ball, location: 2F 0-2: Fielders Choice at 2nd, 5-4 (Groundball, 5, EV 100.0 MPH)
|
| Top of the 4th over - 5 runs, 7 hits, 0 errors, 2 left on base; Wisconsin 5 - Lakewood 0 |
| BOTTOM OF THE 4TH |
|
Lakewood BlueClaws batting - Pitching for Wisconsin Timber Rattlers : LHP Taek-hyun Kim
|
|
Batting: RHB Vaclav Been
|
0-0: Called Strike 0-1: Ground out 5-3 (Groundball, 56S, EV 84.4 MPH)
|
|
Batting: RHB Mike Bell
|
0-0: Swinging Strike 0-1: Foul Ball, location: 2F 0-2: Ball 1-2: Foul Ball, location: 2F 1-2: Ground out 5-3 (Groundball, 56, EV 103.1 MPH)
|
|
Batting: RHB Victor Arias
|
0-0: Fly out, F8 (Flyball, 8RD, EV 91.9 MPH)
|
| Bottom of the 4th over - 0 runs, 0 hits, 0 errors, 0 left on base; Wisconsin 5 - Lakewood 0 |
| TOP OF THE 5TH |
|
Wisconsin Timber Rattlers batting - Pitching for Lakewood BlueClaws : RHP Francisco Tejada
|
|
Batting: RHB Ryan Miller
|
0-0: Ball 1-0: Ball 2-0: Called Strike 2-1: Swinging Strike 2-2: Ball 3-2: Foul Ball, location: 2F 3-2: Base on Balls
|
|
Batting: SHB Justin Hensley
|
0-0: Called Strike Ryan Miller is caught stealing 2nd base 2-6 0-1: Foul Ball, location: 2F 0-2: Ball 1-2: Ball 2-2: Ball 3-2: Foul Ball, location: 2F 3-2: Fly out, F9 (Flyball, 89M, EV 93.1 MPH)
|
|
Batting: LHB Karel Hort
|
0-0: Ball 1-0: Ground out U3 (Groundball, 34, EV 107.5 MPH)
|
| Top of the 5th over - 0 runs, 0 hits, 0 errors, 0 left on base; Wisconsin 5 - Lakewood 0 |
| BOTTOM OF THE 5TH |
|
Lakewood BlueClaws batting - Pitching for Wisconsin Timber Rattlers : LHP Taek-hyun Kim
|
|
Batting: SHB Steve DeRienzo
|
0-0: Ball 1-0: Ground out 5-3 (Groundball, 56, EV 80.6 MPH)
|
|
Batting: RHB Trent Hedrick
|
0-0: Swinging Strike 0-1: Foul Ball, location: 2F 0-2: Ball 1-2: Strikes out swinging
|
|
Batting: LHB Eric Farren
|
0-0: Ball 1-0: Ball 2-0: Foul Ball, location: 2F 2-1: Ball 3-1: Base on Balls
|
|
Batting: RHB Bryan Alfaro
|
0-0: Ball Eric Farren steals 2nd, throwing error, E2 Eric Farren to third 1-0: SINGLE (Line Drive, 9LS, EV 103.1 MPH) Eric Farren scores
|
|
Batting: RHB Cory Bonham
|
0-0: Ball 1-0: Called Strike 1-1: Foul Ball, location: 2F 1-2: Ball 2-2: Strikes out swinging
|
| Bottom of the 5th over - 1 run, 1 hit, 1 error, 1 left on base; Wisconsin 5 - Lakewood 1 |
| TOP OF THE 6TH |
|
Wisconsin Timber Rattlers batting - Pitching for Lakewood BlueClaws : RHP Francisco Tejada
|
|
Batting: RHB Alfredo Sena
|
0-0: Ground out 6-3 (Groundball, 6M, EV 93.8 MPH)
|
|
Batting: LHB Mark Backstrom
|
0-0: Ball 1-0: Ball 2-0: Ball 3-0: Called Strike 3-1: Ground out 4-3 (Groundball, 4, EV 104.4 MPH)
|
|
Batting: SHB Robert Sayer
|
0-0: Ball 1-0: Ground out 4-3 (Groundball, 34, EV 83.1 MPH)
|
| Top of the 6th over - 0 runs, 0 hits, 0 errors, 0 left on base; Wisconsin 5 - Lakewood 1 |
| BOTTOM OF THE 6TH |
|
Lakewood BlueClaws batting - Pitching for Wisconsin Timber Rattlers : LHP Taek-hyun Kim
|
|
Batting: LHB Matt Urbanek
|
0-0: Ball 1-0: Ball 2-0: Ball 3-0: Base on Balls
|
|
Batting: RHB Vaclav Been
|
0-0: Ball 1-0: Called Strike Matt Urbanek steals 2nd base 1-1: Ball 2-1: Foul Ball, location: 2F 2-2: Ball 3-2: Strikes out swinging
|
|
Batting: RHB Mike Bell
|
0-0: Ball 1-0: Ground out 6-3 (Groundball, 6, EV 90.0 MPH) Matt Urbanek to third
|
|
Batting: RHB Victor Arias
|
0-0: Called Strike 0-1: Ground out 4-3 (Groundball, 34, EV 81.9 MPH)
|
| Bottom of the 6th over - 0 runs, 0 hits, 0 errors, 1 left on base; Wisconsin 5 - Lakewood 1 |
| TOP OF THE 7TH |
|
Wisconsin Timber Rattlers batting - Pitching for Lakewood BlueClaws : RHP Francisco Tejada
|
|
Pitching: RHP Andrew Giles
|
|
|
Batting: RHB Dan Allred
|
0-0: Ball 1-0: Ball 2-0: SINGLE (Groundball, 4MD, EV 101.9 MPH)
|
|
Batting: RHB Michael Dickerson
|
0-0: Called Strike 0-1: Grounds into double play, 4-6-3 (Groundball, 4M, EV 85.6 MPH)
|
|
Batting: RHB Chris Maul
|
0-0: Foul Ball, location: 2F 0-1: SINGLE (Groundball, 56S, EV 71.9 MPH) (infield hit)
|
|
Batting: RHB Ryan Miller
|
0-0: Fielders Choice at 2nd, 5-4 (Groundball, 56, EV 79.4 MPH)
|
| Top of the 7th over - 0 runs, 2 hits, 0 errors, 1 left on base; Wisconsin 5 - Lakewood 1 |
| BOTTOM OF THE 7TH |
|
Lakewood BlueClaws batting - Pitching for Wisconsin Timber Rattlers : LHP Taek-hyun Kim
|
|
Batting: SHB Steve DeRienzo
|
0-0: Called Strike 0-1: Ball 1-1: Ball 2-1: TRIPLE (Flyball, 89XD, EV 101.9 MPH)
|
|
Batting: RHB Trent Hedrick
|
0-0: Foul Ball, location: 2F 0-1: Ball 1-1: Ground out 6-3 (Groundball, 6, EV 91.2 MPH) Steve DeRienzo scores
|
|
Batting: LHB Eric Farren
|
0-0: Called Strike 0-1: Ball 1-1: Ball 2-1: Swinging Strike 2-2: Fly out, F8 (Flyball, 8LM, EV 91.9 MPH)
|
|
Batting: RHB Bryan Alfaro
|
0-0: Ball 1-0: Foul Ball, location: 2F 1-1: Foul Ball, location: 2F 1-2: Ball 2-2: Ball 3-2: Ground out U3 (Groundball, 3, EV 109.4 MPH)
|
| Bottom of the 7th over - 1 run, 1 hit, 0 errors, 0 left on base; Wisconsin 5 - Lakewood 2 |
| TOP OF THE 8TH |
|
Wisconsin Timber Rattlers batting - Pitching for Lakewood BlueClaws : RHP Andrew Giles
|
|
Batting: SHB Justin Hensley
|
0-0: Swinging Strike 0-1: Fly out, F9 (Flyball, 9LMF, EV 88.8 MPH)
|
|
Batting: LHB Karel Hort
|
0-0: Called Strike 0-1: Foul Ball, location: 2F 0-2: Ball 1-2: Ball 2-2: Ground out 5-3 (Groundball, 6, EV 87.5 MPH)
|
|
Batting: RHB Alfredo Sena
|
0-0: Called Strike 0-1: Fly out, F9 (Line Drive, 9, EV 91.9 MPH)
|
| Top of the 8th over - 0 runs, 0 hits, 0 errors, 0 left on base; Wisconsin 5 - Lakewood 2 |
| BOTTOM OF THE 8TH |
|
Lakewood BlueClaws batting - Pitching for Wisconsin Timber Rattlers : LHP Taek-hyun Kim
|
|
Batting: RHB Cory Bonham
|
0-0: Fly out, F9 (Flyball, 9D, EV 100.6 MPH)
|
|
Batting: LHB Matt Urbanek
|
0-0: Ball 1-0: Ball 2-0: Foul Ball, location: 2F 2-1: Ground out 5-3 (Groundball, 56, EV 80.6 MPH)
|
|
Batting: RHB Vaclav Been
|
0-0: Called Strike 0-1: Foul Ball, location: 2F 0-2: Ball 1-2: Ball 2-2: Strikes out swinging
|
| Bottom of the 8th over - 0 runs, 0 hits, 0 errors, 0 left on base; Wisconsin 5 - Lakewood 2 |
| TOP OF THE 9TH |
|
Wisconsin Timber Rattlers batting - Pitching for Lakewood BlueClaws : RHP Andrew Giles
|
|
Pitching: RHP Shamar Hansford
|
|
|
Batting: LHB Mark Backstrom
|
0-0: Ball 1-0: Swinging Strike 1-1: Ball 2-1: Foul Ball, location: 2F 2-2: SOLO HOME RUN (Flyball, 89XD, EV 101.2 MPH), Distance : 405 ft
|
|
Batting: SHB Robert Sayer
|
0-0: Called Strike 0-1: Fly out, F8 (Flyball, 8RD, EV 106.2 MPH)
|
|
Batting: RHB Dan Allred
|
0-0: Foul Ball, location: 2F 0-1: Ball 1-1: Ground out 4-3 (Groundball, 34, EV 87.5 MPH)
|
|
Batting: RHB Michael Dickerson
|
0-0: Foul Ball, location: 2F 0-1: Ball 1-1: Ball 2-1: Swinging Strike 2-2: Ball 3-2: Foul Ball, location: 2F 3-2: Foul Ball, location: 2F 3-2: DOUBLE (Groundball, 5L, EV 105.6 MPH)
|
|
Batting: RHB Chris Maul
|
0-0: Ball 1-0: Foul Ball, location: 2F 1-1: Called Strike 1-2: 2-RUN HOME RUN (Line Drive, 78XD, EV 101.9 MPH), Distance : 390 ft
|
|
Batting: RHB Ryan Miller
|
0-0: Ball 1-0: Ball 2-0: Foul Ball, location: 2F 2-1: Ball 3-1: Ground out 5-3 (Groundball, 56S, EV 91.2 MPH)
|
| Top of the 9th over - 3 runs, 3 hits, 0 errors, 0 left on base; Wisconsin 8 - Lakewood 2 |
| BOTTOM OF THE 9TH |
|
Lakewood BlueClaws batting - Pitching for Wisconsin Timber Rattlers : LHP Taek-hyun Kim
|
|
Batting: RHB Mike Bell
|
0-0: Ball 1-0: Called Strike 1-1: Ball 2-1: Ground out 5-3 (Groundball, 56, EV 83.1 MPH)
|
|
Batting: RHB Victor Arias
|
0-0: Ball 1-0: Ball 2-0: Foul Ball, location: 2F 2-1: Ground out 1-3 (Groundball, 34S, EV 70.0 MPH)
|
|
Batting: SHB Steve DeRienzo
|
0-0: Ball 1-0: Called Strike 1-1: Foul Ball, location: 2F 1-2: Foul Ball, location: 2F 1-2: Ball 2-2: Foul Ball, location: 2F 2-2: Ball 3-2: DOUBLE (Groundball, 3L, EV 107.5 MPH)
|
|
Pitching: RHP Jay Cowgill
|
|
|
Batting: RHB Trent Hedrick
|
0-0: Called Strike 0-1: Ball 1-1: Ball 2-1: Called Strike 2-2: Ground out 6-3 (Groundball, 6, EV 104.4 MPH)
|
| Bottom of the 9th over - 0 runs, 1 hit, 0 errors, 1 left on base; Wisconsin 8 - Lakewood 2 |
|